 Dungeon Crawl Stone Soup version 0.18-a0-1799-g6250cb2 (webtiles) character file.

56 Laan the Poker (level 3, 0/30 HPs)
             Began as a Demigod Fighter on Apr 23, 2016.
             Killed from afar by Sigmund (10 damage)
             ... with a magic dart
             ... on level 2 of the Dungeon.
             The game lasted 00:06:47 (1138 turns).

Laan the Poker (Demigod Fighter)                    Turns: 1138, Time: 00:06:48

Health: 0/30       AC:  6    Str: 21    XL:     3   Next: 48%
Magic:  5/5        EV:  7    Int: 12    God:
Gold:   63         SH:  9    Dex: 15    Spells: 0 memorised, 2 levels left

rFire  + . .     SeeInvis .     r - -2 spear (curse)
rCold  . . .     Gourm    .     b - +0 scale mail
rNeg   . . .     Faith    .     c - +0 shield
rPois  .         Spirit   .     (no helmet)
rElec  .         Dismiss  .     (no cloak)
rCorr  .         Reflect  .     (no gloves)
SustAt +         Harm     .     (no boots)
MR     .....                    e - amulet of regeneration
Stlth  ..........               (no ring)
                                m - ring of protection from fire

@: not resistant to hostile enchantments, extremely unstealthy
A: high mp 1, sustain attributes
a: no special abilities


You were on level 2 of the Dungeon.
You were very hungry.

You visited 1 branch of the dungeon, and saw 2 of its levels.

You collected 63 gold pieces.

Inventory:

Hand Weapons
 a - a +0 trident
 r - a cursed -2 spear (weapon)
Armour
 b - a +0 scale mail (worn)
 c - a +0 shield (worn)
Jewellery
 e - an amulet of regeneration (around neck)
 m - a ring of protection from fire (left hand)
Scrolls
 j - a scroll of identify
Potions
 g - a potion of flight
Comestibles
 f - 2 bread rations
 h - a slice of pizza
 i - 2 meat rations


   Skills:
 - Level 2.6 Fighting
 + Level 3.7 Polearms
 - Level 2.6 Armour
 - Level 2.6 Shields


You had 2 spell levels left.
You didn't know any spells.

Dungeon Overview and Level Annotations

Branches:
Dungeon (2/15)

Annotations:
D:2 Sigmund


Innate Abilities, Weirdness & Mutations

You have an increased reservoir of magic (+10% MP).
Your attributes are resistant to harm.


Message History

Sigmund hits you with a scythe.
You hit Sigmund but do no damage.
Sigmund is severely wounded.
Sigmund hits you with a scythe!
You hit Sigmund.
Sigmund is almost dead.
Your shield prevents you from hitting Sigmund.
Sigmund is almost dead.
Sigmund casts a spell at you. The puff of flame hits you! You resist.
* * * LOW HITPOINT WARNING * * *
You hit Sigmund.
Sigmund is almost dead.
Sigmund gestures at you while chanting. The puff of flame misses you.
You closely miss Sigmund.
Sigmund is almost dead.
Sigmund points at you and mumbles some strange words.
The magic dart hits you!
You die...

# #.#..##.# #.##)......
#.#.......###.##.......
#.#.#..................
#...........#.##......)
#......##.###.##.......
#..#..##.# #.###......
###...#....# #.# #......
#.......######.###......
#####.#@...............(
#...@....#.##.....(.
#........#.##.......
....##'##.#.##...(...
..... ...............
.?$.... .#.......)(....
....... .#...####......
....... .. ...(...
#.......


You could see Sigmund.

Vanquished Creatures
  2 adders (D:1)
  An ooze (D:1)
  A dart slug (D:1)
  A giant cockroach (D:1)
  4 goblins
  5 hobgoblins
  2 quokkas (D:2)
  A ball python (D:1)
  5 bats
  A giant newt (D:1)
  A kobold (D:1)
  14 rats
38 creatures vanquished.

Notes
Turn   | Place    | Note
--------------------------------------------------------------
     0 | D:1      | Laan the Demigod Fighter began the quest for the Orb.
     0 | D:1      | Reached XP level 1. HP: 18/18 MP: 3/3
    10 | D:1      | Reached skill level 2 in Polearms
    84 | D:1      | Reached XP level 2. HP: 12/25 MP: 4/4
   494 | D:1      | Found a sparkling altar of Nemelex Xobeh.
   585 | D:1      | Reached skill level 3 in Polearms
   712 | D:1      | Reached XP level 3. HP: 22/30 MP: 5/5
   793 | D:2      | Found a snail-covered altar of Cheibriados.
  1100 | D:2      | Noticed Sigmund
  1138 | D:2      | Killed from afar by Sigmund

Vault maps used:
D:1:      erik_arrival_orb_chamber, corexii_hall_statues_i, corner_web_ring,
          minmay_misc_feat_four_crosses, hangedman_glass_teeth,
          minmay_tree_intersection, st_stairs_6,
          nemelex_xobeh_ov_fountains_minmay
D:2:      cheibriados_altar_1, uniq_sigmund, uniq_jessica

Skill      XL: |  1  2 |
---------------+-------+-----
Polearms       | 2 3 |  3.7
Fighting       | |  2.6
Armour         | |  2.6
Shields        | |  2.6

Action                   || total
-------------------------++-------
Melee: Trident           ||   116
       Spear             ||    39
  Use: Potion            ||     6
       Scroll            ||     3
Armor: Scale mail        ||    43
Dodge: Dodged            ||    43
Block: Shield            ||    64
